Map: Taito Citadel LE

Players

LLAG

  • Race: Zerg Zerg
  • League: Diamond
  • Spawn Location: 11:00

HoldTheDoor - Winner!

  • Race: Protoss Protoss
  • League: Diamond
  • Spawn Location: 5:00

VOD

Have the link to the VOD?

Description

Time

  • Played on: May 7, 2026, 1:18 p.m.
  • Length: 6:03
Show
View Real Time Build Order
Export as new Build Order

LLAG Zerg 

Build Orders: Pool First 

Get SALT Encoding   

  12  0:15  Drone  
  12  0:16  Overlord  
  12  0:20  Drone  
  14  0:35  Drone  
  15  0:38  Drone  
  16  0:49  Spawning Pool  
  15  0:50  Drone  
  16  1:09  Hatchery  
  15  1:16  Drone  
  15  1:17  Drone  
  17  1:23  Drone  
  18  1:36  Queen  
  20  1:51  Hatchery  
  19  1:56  Zergling x2  
  19  1:59  Drone  
  21  2:05  Overlord  
  22  2:15  Drone  
  22  2:22  Queen  
  24  2:33  Extractor  
  23  2:41  Zergling x2, Drone  
  23  2:42  Drone x3  
  28  2:48  Spine Crawler  
  27  3:00  Overlord  
  27  3:01  Drone  
  28  3:09  Drone  
  29  3:14  Drone  
  30  3:20  Drone x5  
  30  3:24  Extractor  
  34  3:30  Drone  
  35  3:34  Drone  
  35  3:35  Zergling x2, Overlord  
  35  3:40  Overlord  
  37  3:46  Metabolic Boost  
  37  3:48  Drone x2  
  38  3:50  Drone x3  
  42  3:56  Drone x2  
  42  4:01  Drone x2  
  46  4:09  Extractor  
  45  4:13  Spine Crawler x2  
  43  4:25  Overlord, Drone x2  
  43  4:26  Drone x5  
  43  4:29  Lair  
  50  4:33  Spore Crawler  
  50  4:36  Drone x4  
  50  4:37  Drone  
  54  4:44  Zergling x4  
  56  4:56  Spore Crawler  
  56  4:59  Queen  
  57  5:03  Zergling x4  
  59  5:15  Spine Crawler  
  58  5:25  Extractor  
  58  5:44  Zergling x2  
Show
View Real Time Build Order
Export as new Build Order

HoldTheDoor Protoss - Winner!

Build Orders:  

Get SALT Encoding   

  12  0:00  Probe  
  13  0:12  Probe  
  14  0:19  Pylon  
  14  0:24  Probe  
  15  0:33  Probe  
  15  0:40  Gateway  
  15  0:41  Probe  
  16  0:49  Assimilator  
  17  0:51  Probe  
  18  1:10  Forge  
  18  1:11  Probe  
  19  1:23  Probe  
  20  1:35  Probe  
  21  1:42  Cybernetics Core  
  21  1:46  Photon Cannon  
  21  1:48  Probe  
  22  2:00  Probe  
  23  2:08  Nexus, Warp Gate  
  23  2:15  Pylon  
  23  2:30  Stalker  
  23  2:33  Probe  
  26  2:42  Robotics Facility  
  26  2:45  Gateway  
  26  2:47  Probe  
  27  2:59  Probe  
  27  3:03  Stalker  
  28  3:11  Probe  
  28  3:12  Pylon  
  31  3:23  Probe  
  32  3:31  Probe  
  33  3:35  Probe  
  33  3:39  Warp Prism  
  34  3:43  Probe  
  34  3:47  Probe  
  38  3:59  Gateway  
  38  4:01  Gateway  
  38  4:05  Gateway  
  38  4:07  Gateway  
  38  4:09  Gateway  
  38  4:16  Gateway  
  38  4:19  Stalker  
  38  4:23  Stalker  
  42  4:36  Pylon  
  42  4:39  Pylon  
  42  4:51  Pylon  
  42  5:03  Stalker x2  
  42  5:04  Stalker x3  
  42  5:06  Zealot x2  
  56  5:18  Zealot  
  58  5:26  Zealot x5  
  68  5:29  Zealot  
  70  5:37  Zealot  
  70  5:39  Zealot  
  70  5:49  Zealot x3  
  74  5:58  Stalker x2  
Tags
 
Matchup
PvZ
Opening
Pool First
Replay Pack
SC2Mai2026
Spawn Locations
Cross Positions
Add a new tag
Caveats
  • Supply blocks, unpowered buildings, or Contaminate may cause inaccurate times.
  • Supply counts are checked every 10 seconds.